3AA
BATTLE GROUND AEROS @ ATLANTIC CITY SONICS
09/14/2024
 
TOP OF THE 1ST
Battle Ground Aeros batting - Pitching for Atlantic City Sonics : LHP Rob Smith
Pitching: LHP Rob Smith
Batting: RHB Stephen Johnson 0-0: Ball
1-0: Ground out 5-3 (Groundball, 56S)
Batting: RHB Ray Flynn 0-0: Called Strike
0-1: Ball
1-1: Ground out 6-3 (Groundball, 6)
Batting: LHB Javier Antonio 0-0: Ball
1-0: Ball
2-0: Fly out, F7 (Flyball, 7M)
Top of the 1st over - 0 run(s), 0 hit(s), 0 error(s), 0 left on base; Battle Ground 0 - Atlantic City 0
BOTTOM OF THE 1ST
Atlantic City Sonics batting - Pitching for Battle Ground Aeros : RHP Gil Reeves
Pitching: RHP Gil Reeves
Batting: RHB Arturo Maldonado 0-0: Ball
1-0: Ball
2-0: Ball
3-0: Called Strike
3-1: Foul Ball, location: 2F
3-2: Foul Ball, location: 2F
3-2: Foul Ball, location: 2F
3-2: Fly out, F9 (Line Drive, 89M)
Batting: LHB José Cordero 0-0: Ball
1-0: Called Strike
1-1: Foul Ball, location: 2F
1-2: Ball
2-2: Strikes out looking
Batting: RHB John Schnatter 0-0: Called Strike
0-1: Called Strike
0-2: Ball
1-2: Ball
2-2: Ground out 5-3 (Groundball, 56)
Bottom of the 1st over - 0 run(s), 0 hit(s), 0 error(s), 0 left on base; Battle Ground 0 - Atlantic City 0
TOP OF THE 2ND
Battle Ground Aeros batting - Pitching for Atlantic City Sonics : LHP Rob Smith
Batting: RHB Byron Isaacson 0-0: Ball
1-0: Foul Ball, location: 2F
1-1: Ball
2-1: Ball
3-1: Called Strike
3-2: Base on Balls
Batting: RHB Bennett Whitaker 0-0: Called Strike
0-1: Foul Ball, location: 2F
0-2: SINGLE (Flyball, 8RS)
Byron Isaacson to second
Batting: LHB Dave Smerdon 0-0: Ball
1-0: Ball
2-0: Foul Ball, location: 2F
2-1: Ball
3-1: Called Strike
3-2: Base on Balls
Byron Isaacson to third
Bennett Whitaker to second
Batting: RHB Roy McFerran 0-0: Ball
1-0: Grounds into double play, 6-4-3 (Groundball, 6)
Byron Isaacson scores
Bennett Whitaker to third
Batting: RHB Gustavo Meza 0-0: Foul Ball, location: 2F
0-1: Swinging Strike
0-2: Ball
1-2: Strikes out swinging
Top of the 2nd over - 1 run(s), 1 hit(s), 0 error(s), 1 left on base; Battle Ground 1 - Atlantic City 0
BOTTOM OF THE 2ND
Atlantic City Sonics batting - Pitching for Battle Ground Aeros : RHP Gil Reeves
Batting: RHB Arturo Rochel 0-0: Called Strike
0-1: Ball
1-1: Fly out, F8 (Flyball, 8LXD)
Batting: RHB Xavier Águila 0-0: Ball
1-0: SOLO HOME RUN (Line Drive, 89XD), Distance : 421 ft
Batting: LHB Salvador Avilés 0-0: Ball
1-0: Ball
2-0: Ball
3-0: Called Strike
3-1: Foul Ball, location: 2F
3-2: Ground out 6-3 (Groundball, 6M)
Batting: RHB Brady Bess 0-0: Ground out 4-3 (Groundball, 34)
Bottom of the 2nd over - 1 run(s), 1 hit(s), 0 error(s), 0 left on base; Battle Ground 1 - Atlantic City 1
TOP OF THE 3RD
Battle Ground Aeros batting - Pitching for Atlantic City Sonics : LHP Rob Smith
Batting: LHB Nelson Martínez 0-0: Ball
1-0: Called Strike
1-1: Ball
2-1: Foul Ball, location: 2F
2-2: Ball
3-2: Foul Ball, location: 2F
3-2: Ground out 1-3 (Groundball, 13S)
Batting: RHB Stephen Johnson 0-0: Fly out, F8 (Flyball, 8LM)
Batting: RHB Ray Flynn 0-0: Ball
1-0: Foul Ball, location: 2F
1-1: Foul Ball, location: 2F
1-2: Ball
2-2: DOUBLE (Line Drive, 7LS)
Batting: LHB Javier Antonio 0-0: Called Strike
0-1: Swinging Strike
0-2: Ground out 1-3 (Groundball, 13)
Top of the 3rd over - 0 run(s), 1 hit(s), 0 error(s), 1 left on base; Battle Ground 1 - Atlantic City 1
BOTTOM OF THE 3RD
Atlantic City Sonics batting - Pitching for Battle Ground Aeros : RHP Gil Reeves
Batting: SHB David Snyder 0-0: Ball
1-0: Ball
2-0: Fly out, F7 (Flyball, 7LS)
Batting: RHB Bob Ethridge 0-0: Called Strike
0-1: Ground out 6-3 (Groundball, 6)
Batting: RHB Arturo Maldonado 0-0: DOUBLE (Line Drive, 89M)
Batting: LHB José Cordero 0-0: Ball
1-0: 2-RUN HOME RUN (Flyball, 9LD), Distance : 349 ft
Batting: RHB John Schnatter 0-0: Ground out 6-3 (Groundball, 6M)
Bottom of the 3rd over - 2 run(s), 2 hit(s), 0 error(s), 0 left on base; Battle Ground 1 - Atlantic City 3
TOP OF THE 4TH
Battle Ground Aeros batting - Pitching for Atlantic City Sonics : LHP Rob Smith
Batting: RHB Byron Isaacson 0-0: Ball
1-0: Ground out 4-3 (Groundball, 4S)
Batting: RHB Bennett Whitaker 0-0: Swinging Strike
0-1: Ground out 1-3 (Groundball, 15)
Batting: LHB Dave Smerdon 0-0: Ball
1-0: Ground out U3 (Groundball, 3L)
Top of the 4th over - 0 run(s), 0 hit(s), 0 error(s), 0 left on base; Battle Ground 1 - Atlantic City 3
BOTTOM OF THE 4TH
Atlantic City Sonics batting - Pitching for Battle Ground Aeros : RHP Gil Reeves
Batting: RHB Arturo Rochel 0-0: Ball
1-0: Ground out 1-3 (Groundball, 15S)
Batting: RHB Xavier Águila 0-0: Foul Ball, location: 2F
0-1: Ground out 5-3 (Groundball, 5L)
Batting: LHB Salvador Avilés 0-0: Foul Ball, location: 2F
0-1: SINGLE (Line Drive, 4)
Batting: RHB Brady Bess 0-0: Ball
1-0: Called Strike
1-1: Ground out 6-3 (Groundball, 6)
Bottom of the 4th over - 0 run(s), 1 hit(s), 0 error(s), 1 left on base; Battle Ground 1 - Atlantic City 3
TOP OF THE 5TH
Battle Ground Aeros batting - Pitching for Atlantic City Sonics : LHP Rob Smith
Batting: RHB Roy McFerran 0-0: Foul Ball, location: 2F
0-1: Foul Ball, location: 2F
0-2: SINGLE (Groundball, 6MD)
Batting: RHB Gustavo Meza 0-0: Foul Ball, location: 2F
0-1: Ball
1-1: Bunted foul
1-2: Strikes out looking
Batting: LHB Nelson Martínez 0-0: Ball
1-0: Called Strike
1-1: Swinging Strike
1-2: Foul Ball, location: 2F
1-2: Strikes out swinging
Batting: RHB Stephen Johnson 0-0: Ball
1-0: SINGLE (Line Drive, 5L)
Roy McFerran to second
Batting: RHB Ray Flynn 0-0: Ball
1-0: Ground out 6-3 (Groundball, 6)
Top of the 5th over - 0 run(s), 2 hit(s), 0 error(s), 2 left on base; Battle Ground 1 - Atlantic City 3
BOTTOM OF THE 5TH
Atlantic City Sonics batting - Pitching for Battle Ground Aeros : RHP Gil Reeves
Batting: SHB David Snyder 0-0: Called Strike
0-1: Ball
1-1: Ball
2-1: Fly out, F7 (Line Drive, 78M)
Batting: RHB Bob Ethridge 0-0: Ball
1-0: Ball
2-0: Called Strike
2-1: Ground out 5-3 (Groundball, 5)
Batting: RHB Arturo Maldonado 0-0: Ball
1-0: Fly out, F9 (Line Drive, 9M)
Bottom of the 5th over - 0 run(s), 0 hit(s), 0 error(s), 0 left on base; Battle Ground 1 - Atlantic City 3
TOP OF THE 6TH
Battle Ground Aeros batting - Pitching for Atlantic City Sonics : LHP Rob Smith
Batting: LHB Javier Antonio 0-0: Ball
1-0: Fly out, F8 (Flyball, 8LXD)
Batting: RHB Byron Isaacson 0-0: Swinging Strike
0-1: Ball
1-1: SINGLE (Line Drive, 4D)
Batting: RHB Bennett Whitaker 0-0: Called Strike
0-1: Swinging Strike
0-2: Ball
1-2: Ball
2-2: Foul Ball, location: 2F
2-2: Foul Ball, location: 2F
2-2: Foul Ball, location: 2F
2-2: Foul Ball, location: 2F
2-2: Ball
3-2: SINGLE (Line Drive, 8RS)
Byron Isaacson to second
Byron Isaacson to third
Batting: LHB Dave Smerdon 0-0: Ball
1-0: Swinging Strike
1-1: Ball
2-1: Called Strike
2-2: Strikes out swinging
Batting: RHB Roy McFerran 0-0: Ball
1-0: Called Strike
1-1: Called Strike
1-2: Ground out 1-3 (Groundball, 13)
Top of the 6th over - 0 run(s), 2 hit(s), 0 error(s), 2 left on base; Battle Ground 1 - Atlantic City 3
BOTTOM OF THE 6TH
Atlantic City Sonics batting - Pitching for Battle Ground Aeros : RHP Gil Reeves
Batting: LHB José Cordero 0-0: Called Strike
0-1: Foul Ball, location: 2F
0-2: DOUBLE (Flyball, 78M)
Batting: RHB John Schnatter 0-0: Called Strike
0-1: Swinging Strike
0-2: DOUBLE (Line Drive, 5D)
José Cordero scores
Batting: RHB Arturo Rochel 0-0: Intentional Walk
Batting: RHB Xavier Águila 0-0: Ball
1-0: Called Strike
1-1: DOUBLE (Flyball, 8RXD)
John Schnatter scores
Arturo Rochel to third
Runner from 3rd tries for Home, SAFE, throw made at trailing runner, OUT at third!
Pitching: RHP Manny Benavides
Batting: LHB Salvador Avilés 0-0: Fly out, F7 (Flyball, 78S)
Batting: RHB Brady Bess 0-0: Fly out, F9 (Flyball, 9M)
Bottom of the 6th over - 3 run(s), 3 hit(s), 0 error(s), 0 left on base; Battle Ground 1 - Atlantic City 6
TOP OF THE 7TH
Battle Ground Aeros batting - Pitching for Atlantic City Sonics : LHP Rob Smith
Batting: RHB Gustavo Meza 0-0: Fly out, F4 (Popup, 4M)
Batting: LHB Nelson Martínez 0-0: SINGLE (Groundball, 56D)
Batting: RHB Stephen Johnson 0-0: Ball
1-0: Ball
2-0: Ball
3-0: Base on Balls
Nelson Martínez to second
Batting: RHB Ray Flynn 0-0: Ball
1-0: Ball
2-0: Fielders Choice at 2nd, 5-4 (Groundball, 56)
Nelson Martínez to third
Batting: LHB Javier Antonio 0-0: Swinging Strike
0-1: Called Strike
0-2: Ball
1-2: Strikes out swinging
Top of the 7th over - 0 run(s), 1 hit(s), 0 error(s), 2 left on base; Battle Ground 1 - Atlantic City 6
BOTTOM OF THE 7TH
Atlantic City Sonics batting - Pitching for Battle Ground Aeros : RHP Manny Benavides
Batting: SHB David Snyder 0-0: Ball
1-0: Foul Ball, location: 2F
1-1: Foul Ball, location: 2F
1-2: Ball
2-2: Foul Ball, location: 2F
2-2: Strikes out swinging
Batting: RHB Bob Ethridge 0-0: Ball
1-0: Foul Ball, location: 2F
1-1: Called Strike
1-2: Hit by Pitch
Batting: RHB Arturo Maldonado 0-0: SINGLE (Flyball, 8RS)
Bob Ethridge to second
Batting: LHB José Cordero 0-0: Called Strike
0-1: Ball
1-1: Swinging Strike
1-2: Ball
2-2: Strikes out swinging
Batting: RHB John Schnatter 0-0: Foul Ball, location: 2F
0-1: Foul Ball, location: 2F
0-2: Ball
1-2: Foul Ball, location: 2F
1-2: Ball
2-2: Strikes out looking
Bottom of the 7th over - 0 run(s), 1 hit(s), 0 error(s), 2 left on base; Battle Ground 1 - Atlantic City 6
TOP OF THE 8TH
Battle Ground Aeros batting - Pitching for Atlantic City Sonics : LHP Rob Smith
Batting: RHB Byron Isaacson 0-0: Ball
1-0: Fly out, F8 (Flyball, 8RD)
Batting: RHB Bennett Whitaker 0-0: Called Strike
0-1: SINGLE (Line Drive, 8LS)
Batting: LHB Dave Smerdon 0-0: Foul Ball, location: 2F
0-1: SINGLE (Line Drive, 5D)
Bennett Whitaker to second
Batting: RHB Roy McFerran 0-0: Foul Ball, location: 2F
0-1: Called Strike
0-2: Ball
1-2: Foul Ball, location: 2F
1-2: Foul Ball, location: 2F
1-2: Foul Ball, location: 2F
1-2: Ground out 2-3 (Groundball, 25)
Bennett Whitaker to third
Dave Smerdon to second
Batting: RHB Gustavo Meza 0-0: Called Strike
0-1: Fly out, F7 (Popup, 6D)
Top of the 8th over - 0 run(s), 2 hit(s), 0 error(s), 2 left on base; Battle Ground 1 - Atlantic City 6
BOTTOM OF THE 8TH
Atlantic City Sonics batting - Pitching for Battle Ground Aeros : RHP Manny Benavides
Batting: RHB Arturo Rochel 0-0: Ball
1-0: Ball
2-0: Called Strike
2-1: Ball
3-1: Swinging Strike
3-2: Foul Ball, location: 2F
3-2: Foul Ball, location: 2F
3-2: Foul Ball, location: 2F
3-2: Fly out, F5 (Popup, 15S)
Batting: RHB Xavier Águila 0-0: Foul Ball, location: 2F
0-1: Called Strike
0-2: Strikes out swinging, 2-3 out at first.
Batting: LHB Salvador Avilés 0-0: Ball
1-0: Called Strike
1-1: SINGLE (Flyball, 78S)
Batting: RHB Brady Bess 0-0: Ball
1-0: Ball
2-0: Swinging Strike
2-1: Foul Ball, location: 2F
2-2: Fly out, F9 (Flyball, 89M)
Bottom of the 8th over - 0 run(s), 1 hit(s), 0 error(s), 1 left on base; Battle Ground 1 - Atlantic City 6
TOP OF THE 9TH
Battle Ground Aeros batting - Pitching for Atlantic City Sonics : LHP Rob Smith
Pitching: LHP Ted Wright
Now in RF: Kip Burks
Batting: LHB Nelson Martínez 0-0: Ball
1-0: Ball
2-0: Called Strike
2-1: Foul Ball, location: 2F
2-2: Ground out 1-3 (Groundball, 13)
Batting: RHB Stephen Johnson 0-0: Ball
1-0: Foul Ball, location: 2F
1-1: Foul Ball, location: 2F
1-2: Fly out, F9 (Flyball, 89S)
Batting: RHB Ray Flynn 0-0: Ground out 6-3 (Groundball, 6M)
Top of the 9th over - 0 run(s), 0 hit(s), 0 error(s), 0 left on base; Battle Ground 1 - Atlantic City 6
This league is powered by Out of the Park Baseball, the baseball management simulation game for PC, Mac and Linux
Monday, October 3rd, 2016 - OOTP Baseball 16.9 Build 39